 Dungeon Crawl Stone Soup version 0.27-a0-334-g52645efa06 (webtiles) character file.

Game seed: 3995327860609349734

2374 skwiii the Ogre Mage (level 9, -4/73 (76) HPs)
             Began as an Ogre Venom Mage on Feb 13, 2021.
             Was a Follower of Yredelemnul.
             Shot with an arrow by a centaur (6 damage)
             ... on level 8 of the Dungeon on Feb 14, 2021.
             The game lasted 00:57:16 (15218 turns).

skwiii the Ogre Mage (Ogre Venom Mage)             Turns: 15218, Time: 00:57:17

HP:   -4/73 (76)    AC:  4    Str: 14    XL:     9   Next: 45%
MP:   12/19         EV: 10    Int: 19    God:    Yredelemnul [*.....]
Gold: 516           SH:  0    Dex:  9    Spells: 9/22 levels left

rFire    . . .     SeeInvis .   y - +3 trident (venom)
rCold    . . .     Faith    .   (no shield)
rNeg     . . .     Spirit   .   a - +0 robe
rPois    .         Reflect  .   (helmet restricted)
rElec    .         Harm     .   (no cloak)
rCorr    .         Rampage  .   (gloves unavailable)
Will     .....     Clarity  +   (boots unavailable)
Stlth    +.........             (no amulet)
HPRegen  0.22/turn              (no ring)
MPRegen  0.16/turn              (no ring)

@: lightly drained
A: large, unfitting armour, rugged brown scales 1, blink, clarity, tough skin 1,
subdued magic 1
a: Blink, Renounce Religion, Animate Remains


You were on level 8 of the Dungeon.
You worshipped Yredelemnul.
Yredelemnul was aware of your devotion.
You visited 1 branch of the dungeon, and saw 8 of its levels.

You collected 516 gold pieces.

Inventory:

Hand Weapons
 q - a +1 flail
 u - the +6 trident of Beffuwke {venom, Will+}
   (You took it off an orc on level 4 of the Dungeon)

   It poisons the flesh of those it strikes.
   It affects your willpower, your defense against some magical effects.
 y - a +3 trident of venom (weapon)
Armour
 a - a +0 robe (worn)
 i - a +0 pair of boots
 k - a +0 kite shield
 w - a +0 pair of gloves
Jewellery
 m - a ring of poison resistance {unknown}
 r - a ring of wizardry {unknown}
Wands
 t - a wand of iceblast (5)
 v - a wand of digging (1)
 A - a wand of polymorph (8)
Scrolls
 d - 2 scrolls of amnesia
 g - a scroll of fog {unknown}
 h - a scroll of random uselessness {unknown}
 n - a scroll of magic mapping {unknown}
 o - a scroll of enchant armour {unknown}
 s - a scroll of immolation
 z - a scroll of identify {unknown}
Potions
 b - a potion of cancellation {unknown}
 e - a potion of mutation
 f - a potion of attraction {unknown}
 j - 4 potions of curing
 p - a potion of lignification {unknown}
 x - a potion of berserk rage {unknown}
 B - a potion of haste {unknown}


   Skills:
 - Level 0.4 Maces & Flails
 + Level 4.2 Polearms
 - Level 4.1 Dodging
 - Level 1.4 Stealth
 + Level 0.8 Shields
 + Level 7.0 Spellcasting
 * Level 1.2 Conjurations
 - Level 3.7 Transmutations
 + Level 3.6 Air Magic
 + Level 6.2 Poison Magic


You had 9 spell levels left.
You knew the following spells:

 Your Spells              Type           Power        Failure   Level
a - Sting                 Tmut/Pois      76%          1%          1
b - Poisonous Vapours     Pois/Air       38%          1%          2
c - Ignite Poison         Fire/Tmut/Pois 14%          6%          3
d - Mephitic Cloud        Conj/Pois/Air  16%          5%          3
e - Olgreb's Toxic Radia  Pois           23%          6%          4

Your spell library contained the following spells:

 Spells                   Type           Power        Failure   Level


Dungeon Overview and Level Annotations

Branches:
Dungeon (7/15)             Temple (0/1) D:5

Altars:
Ashenzari
Dithmenos
Elyvilon
Gozag
Okawaru
Trog
Wu Jian
Xom
Yredelemnul
Zin
The Shining One


Innate Abilities, Weirdness & Mutations

You are too large for most types of armour.
You have tough skin. (AC +1)
You are partially covered in rugged brown scales. (AC +1, +3% HP)
You can translocate small distances at will.
You possess an exceptional clarity of mind.
Your spells are a little easier to cast, but a little less powerful.


Message History

You attempt to give life to the dead...
There are no remains here to animate!
You see here a +0 giant club.
You see here an adder corpse.
You attempt to give life to the dead...
The dead are slithering!
An arrow appears from out of your range of vision.
The arrow hits your adder zombie!
Your adder zombie is destroyed!
You see here a +0 flail.
You attempt to give life to the dead...
There are no remains here to animate!
A centaur comes into view. It is wielding a +0 shortbow.
The centaur shouts!
The centaur shoots an arrow.
The arrow hits you!
You see here a +0 flail.
The centaur shoots an arrow.
The arrow misses you.
The centaur shoots an arrow.
The arrow hits you!
The centaur shoots an arrow.
The arrow hits you!
The centaur shoots an arrow.
The arrow closely misses you.
The centaur shoots an arrow.
The arrow hits you!
* * * LOW HITPOINT WARNING * * *
Blink to where?
Press: ? - help, Dir - move target
As you read the scroll of blinking, it crumbles to dust.
The centaur shoots an arrow.
The arrow hits you!
* * * LOW HITPOINT WARNING * * *
The centaur shoots an arrow.
The arrow hits you.
* * * LOW HITPOINT WARNING * * *
You hear the creaking of a distant portcullis.
The centaur shoots an arrow.
The arrow hits you.
* * * LOW HITPOINT WARNING * * *
The centaur shoots an arrow.
The arrow hits you.
* * * LOW HITPOINT WARNING * * *
Okay, then.
The centaur shoots an arrow.
The arrow barely misses you.
The centaur shoots an arrow.
The arrow barely misses you.
The centaur shoots an arrow.
The arrow hits you.
* * * LOW HITPOINT WARNING * * *
The centaur shoots an arrow.
The arrow hits you but does no damage.
The centaur shoots an arrow.
The arrow hits you.
You die...
Your body rises from the dead as a mindless zombie.

#......#...
#......#.## ######...#
####################.#
#....................#
#..#...#...#.c.#...#.#
#_...................#
#..#...#...#...#...#>#
#.....@.............##
#####################


You could see a centaur.

Vanquished Creatures
  An ice beast (D:7)
  An orc warrior (D:6)
  2 sky beasts (D:7)
  An ogre (D:8)
  A centaur (D:7)
  4 bullfrogs
  A gnoll sergeant (D:8)
  2 scorpions
  5 wights (D:7)
  3 howler monkeys
  A centaur zombie (D:7)
  A bullfrog zombie (D:5)
  2 bullfrog skeletons
  A jelly (D:5)
  3 hounds
  A centaur skeleton (D:4)
  3 orc priests (D:5)
  A gnoll shaman (D:6)
  5 worker ants
  Terence (D:3)
  2 iguanas
  8 orc wizards
  A hound skeleton (D:7)
  10 gnolls
  10 adders
  A river rat (D:6)
  A shadow imp (D:7)
  A white imp (D:5)
  3 oozes
  An adder zombie (D:7)
  4 worms
  3 dart slugs
  3 leopard geckos
  18 orcs
  2 ball pythons
  18 bats
  5 giant cockroaches
  12 goblins
  5 hobgoblins
  2 jackals (D:1)
  10 kobolds
  2 quokkas (D:3)
  3 frilled lizards
  9 rats
174 creatures vanquished.

Vanquished Creatures (collateral kills)
  2 gnolls (D:8)
2 creatures vanquished.

Vanquished Creatures (others)
  A wizard (D:7)
  A howler monkey (D:4)
  A worker ant (D:4)
  3 orcs (D:4)
  6 bat zombies (D:7)
  An adder zombie (D:8)
  A centaur skeleton (D:7)
  A gnoll zombie (D:8)
  An ogre zombie (D:8)
  An orc zombie (D:7)
17 creatures vanquished.

Grand Total: 193 creatures vanquished

Notes
Turn   | Place    | Note
-------+----------+-------------------------------------------
     0 | D:1      | skwiii the Ogre Venom Mage began the quest for the Orb.
     0 | D:1      | Reached XP level 1. HP: 16/16 MP: 3/3
    59 | D:1      | Reached skill level 1 in Transmutations
   266 | D:1      | Reached XP level 2. HP: 21/24 MP: 1/5
   521 | D:1      | Learned a level 2 spell: Poisonous Vapours
  1045 | D:1      | Reached XP level 3. HP: 31/31 MP: 1/7
  1920 | D:2      | Reached skill level 3 in Spellcasting
  2594 | D:2      | Reached XP level 4. HP: 37/39 MP: 0/8
  4056 | D:3      | Found a shimmering altar of Xom.
  4122 | D:3      | Reached skill level 1 in Air Magic
  4252 | D:3      | Noticed Terence
  4263 | D:3      | Killed Terence
  4264 | D:3      | Reached XP level 5. HP: 44/45 MP: 3/10
  5002 | D:4      | Reached skill level 4 in Spellcasting
  5002 | D:4      | Reached XP level 6. HP: 47/53 MP: 2/12
  5099 | D:4      | Found a shimmering altar of Xom.
  5156 | D:4      | Found a glowing silver altar of Zin.
  5229 | D:4      | Found a basalt altar of Yredelemnul.
  5234 | D:4      | Became a worshipper of Yredelemnul the Dark
  5243 | D:4      | Found a broken altar of Ashenzari.
  6110 | D:4      | Identified the +6 trident of Beffuwke {venom, Will+}
  6306 | D:4      | Found a white marble altar of Elyvilon.
  6354 | D:4      | Found an opulent altar of Gozag.
  6954 | D:5      | Entered Level 5 of the Dungeon
  7392 | D:5      | Found a staircase to the Ecumenical Temple.
  7413 | D:5      | Reached XP level 7. HP: 52/59 MP: 7/13
  8162 | D:5      | Found an iron altar of Okawaru.
  8465 | D:5      | Found a shadowy altar of Dithmenos.
  8538 | D:5      | Reached skill level 5 in Spellcasting
  8713 | D:5      | Reached skill level 1 in Polearms
  8900 | D:5      | Found a shimmering altar of Xom.
  9831 | D:5      | Reached skill level 5 in Poison Magic
  9849 | D:5      | Reached XP level 8. HP: 31/67 MP: 12/16
 10931 | D:6      | Learned a level 3 spell: Ignite Poison
 10935 | D:6      | Learned a level 3 spell: Mephitic Cloud
 10940 | D:6      | Learned a level 4 spell: Olgreb's Toxic Radiance
 11126 | D:6      | Found a glowing golden altar of the Shining One.
 12211 | D:6      | Gained mutation: You can translocate small distances at
                  | will. [potion of mutation]
 12211 | D:6      | Gained mutation: Your spells are a little easier to cast,
                  | but a little less powerful. [potion of mutation]
 12211 | D:6      | Gained mutation: You are partially covered in rugged brown
                  | scales. (AC +1, +3% HP) [potion of mutation]
 12211 | D:6      | Gained mutation: You possess an exceptional clarity of
                  | mind. [potion of mutation]
 12540 | D:7      | Reached skill level 6 in Spellcasting
 12822 | D:7      | Reached * piety under Yredelemnul
 12908 | D:7      | Reached XP level 9. HP: 41/76 MP: 7/18
 13123 | D:7      | HP: 3/60 [wight/+3 long sword (4)]
 14262 | D:7      | Found a bloodstained altar of Trog.
 14263 | D:7      | Noticed a wizard
 14268 | D:7      | Killed a wizard
 14956 | D:7      | You fall into a shaft and drop 1 floor!
 14991 | D:8      | Found an ornate altar of the Wu Jian Council.
 15099 | D:8      | Reached skill level 1 in Conjurations
 15175 | D:8      | Reached skill level 7 in Spellcasting
 15210 | D:8      | HP: 2/73 [centaur/arrow (4)]
 15218 | D:8      | Shot with an arrow by a centaur

Illustrated notes

Levels and vault maps discovered:
D:1:      wander_arrival_desolate, layout_basic
D:2:      layout_basic, chequers_serial_rivers_small_3, hex_tiny
D:3:      layout_loops_ring, amcnicky_altar_gilded, uniq_terence
D:4:      layout_basic, pdpol_temple_overflow_zin_treasury_gozag_greed,
          elyvilon_altar_5, amethyst_overflow_temple_binary,
          xom_confusion_cloud, serial_corexii_hall,
          chequers_hall_statues_wall_a, corexii_hall_statues_i
D:5:      layout_loops_cross, nicolae_dithmenos_the_darkroom, temple_statues,
          serial_rivers, chequers_serial_rivers_micro_b,
          chequers_serial_rivers_small_b, chequers_serial_rivers_micro_a,
          chequers_serial_rivers_micro_e, chequers_serial_rivers_micro_a,
          chequers_serial_rivers_large_a, basic_altar,
          kennysheep_okawaru_gauntlet
D:6:      layout_loops_cross, nicolae_tso_swordbearing_angel,
          portal_sewer_entry_a
D:7:      minmay_chambers_of_sevens, layout_cave_pods, roderic_batcave,
          trog_wizard
D:8:      layout_basic, lemuel_coloured_pillars_altar, david_lair_shrubbed,
          enter_bailey_3

Skill      XL: |  1  2  3  4  5  6  7  8  9 |
---------------+----------------------------+-----
Transmutations | 1 2 3 |  3.7
Dodging        | 2 3 4 |  4.1
Poison Magic   | 3 4 5 6 |  6.2
Spellcasting   | 3 4 5 6 7 |  7.0
Air Magic      | 1 2 3 |  3.6
Polearms       | 1 3 4 |  4.2
Conjurations   | 1 |  1.2
Maces & Flails | |  0.4
Stealth        | |  1.4
Shields        | |  0.8

Action                   |  1- 3 |  4- 6 |  7- 9 || total
-------------------------+-------+-------+-------++-------
Melee: Flail             |       |     7 |    21 ||    28
       Trident           |       |       |    90 ||    90
 Cast: Sting             |    43 |    66 |    70 ||   179
       Poisonous Vapours |    27 |    53 |   119 ||   199
       Mephitic Cloud    |       |       |     3 ||     3
       Olgreb's Toxic Ra |       |       |     4 ||     4
Invok: Animate Remains   |       |       |    12 ||    12
  Use: Potion            |       |     2 |     6 ||     8
       Scroll            |       |     5 |     7 ||    12
Armor: Robe              |    16 |    27 |    47 ||    90
Dodge: Dodged            |    21 |    63 |   115 ||   199

Table legend: (Time is in decaauts)
 A = Elapsed time spent in this place.
 B = Non-inter-level travel time spent in this place.
 C = Inter-level travel time spent in this place.
 D = Time resting spent in this place.
 E = Time spent auto-exploring this place.
 F = Levels seen in this place.
 G = Mean time per level.
                   A        B        C        D        E       F      G
               +--------+--------+--------+--------+--------+-----+--------+
         Total |  15270 |  14932 |    338 |   7419 |   4366 |   8 | 1908.8 |
       Dungeon |  15270 |  14932 |    338 |   7419 |   4366 |   8 | 1908.8 |
               +--------+--------+--------+--------+--------+-----+--------+

Top non-repeatable levels by time:
     D:5: 3025 daAuts
     D:6: 2444 daAuts
     D:4: 2422 daAuts
     D:7: 2193 daAuts
     D:3: 1832 daAuts
     D:1: 1622 daAuts
     D:2: 1468 daAuts
     D:8: 262 daAuts
